[Event "Spring Chess Classic B 2024"]
[Site "Saint Louis"]
[Date "2024.04.11"]
[Round "1.1"]
[White "Batsuren, Dambasuren"]
[Black "Raja Harshit"]
[Result "1/2-1/2"]
[ECO "E05"]
[WhiteElo "2515"]
[BlackElo "2458"]
[Annotator "TA"]
[PlyCount "120"]
[EventDate "2024.04.11"]
[EventCountry "USA"]
[SourceTitle "playchess.com"]
[Source "ChessBase"]
[SourceQuality "1"]
[TimeControl "7200+30"]

1. d4 Nf6 2. c4 e6 3. g3 d5 4. Bg2 Be7 5. Nf3 O-O 6. O-O dxc4 7. Qc2 b5 8. a4 {[%emt 0:00:56] E05: Open Catalan: 5 Nf3 Be7.} Bb7 9. axb5 a6 10. Nc3 axb5 11. Rxa8 Bxa8 12. Nxb5 Bd5 13. Bg5 Na6 14. Rd1 Nb4 15. Qc1 Na2 $146 ({Predecessor:} 15... c5 16. dxc5 Qa5 17. Nfd4 Bxg2 18. Kxg2 Rc8 19. Bxf6 gxf6 20. Nd6 Rxc5 21. Nxc4 Qa8+ 22. Nf3 Qe4 23. b3 Qxe2 24. Rd2 Qe4 25. Rd4 Qa8 26. Qd2 Rf5 27. Qe2 {½-½ Bok,B (2624)-Vazquez,G (2561) USA-chT College final 2022 (1.2)}) 16. Qb1 Qb8 17. Nc3 Nxc3 18. bxc3 c5 19. dxc5 Qa7 20. Qb6 Qa4 21. Re1 Rc8 22. Bxf6 gxf6 23. e4 Bxc5 24. Qb2 Bc6 25. e5 f5 26. Qd2 Bf8 27. Nd4 Bxg2 28. Kxg2 Qa5 29. Qe3 Bg7 30. Kg1 h6 31. h3 Qd5 32. g4 fxg4 33. hxg4 Rb8 34. Qe4 Qc5 35. Kg2 Rd8 36. Re3 Rd5 37. Nf3 Rd8 38. g5 hxg5 39. Nxg5 Qd5 40. Nf3 Qxe4 41. Rxe4 Rd5 42. Rxc4 Bxe5 43. Rc8+ Kg7 44. c4 Ra5 45. Nxe5 Rxe5 46. Kf3 Kf6 47. Rc7 Re1 48. c5 e5 49. c6 Ke6 50. Rc8 Rc1 51. Ke4 f5+ 52. Kd3 Kd6 53. Rf8 Rxc6 54. Rxf5 Ke6 55. Rh5 $1 Rd6+ 56. Ke3 $1 Rd4 57. Rh6+ Kf5 58. Rh5+ Ke6 59. Rh6+ Kf5 60. Rh5+ Ke6 1/2-1/2

[Event "Spring Chess Classic B 2024"]
[Site "Saint Louis"]
[Date "2024.04.11"]
[Round "1.2"]
[White "Ali Marandi, Cemil Can"]
[Black "Woodward, Andy"]
[Result "1/2-1/2"]
[ECO "D85"]
[WhiteElo "2516"]
[BlackElo "2515"]
[Annotator "TA"]
[PlyCount "82"]
[EventDate "2024.04.11"]
[EventCountry "USA"]
[SourceTitle "playchess.com"]
[Source "ChessBase"]
[SourceQuality "1"]
[TimeControl "7200+30"]

1. d4 Nf6 2. c4 g6 3. Nc3 d5 4. cxd5 Nxd5 5. e4 Nxc3 6. bxc3 Bg7 7. Nf3 c5 8. Bb5+ Nc6 9. O-O O-O 10. Bxc6 bxc6 11. Qc2 cxd4 12. cxd4 Bg4 13. Ne5 Qxd4 14. Bb2 Qb6 15. Rab1 Bxe5 16. Bxe5 Qa5 17. Bc3 Qa6 {[%emt 0:00:56] Strongly threatening ...Be2.} 18. Qd2 Be6 19. Bb4 Rad8 20. Qh6 $40 {[%emt 0:10:05][%mdl 128] White has some attack.} Rd7 21. a3 f6 22. Rfe1 {[%emt 0:04:33][%mdl 1024] White has compensation.} Rc8 23. Bc5 Qa5 24. Rbc1 Qc7 25. f4 {[%emt 0:12:18][%cal Bf2f4,Bf4f5][%mdl 32] Threatens to win with f5!} Rcd8 {[%emt 0:03:24] [#]} (25... Rf8 $11 {remains equal.}) 26. f5 $1 $16 {[%emt 0:11:01] White is more active.} Bf7 27. e5 $1 Rd2 {[%emt 0:03:06] [#]} (27... fxe5 $142 28. Bxe7 Rxe7) 28. exf6 (28. e6 Be8 $15) (28. Bb4 $1 $16 R2d5 29. exf6 exf6 30. Be7 Rxf5 31. Bxd8 Qxd8 32. Rxc6) 28... exf6 $11 29. Re8+ Rxe8 30. Qxd2 g5 (30... gxf5 {seems wilder.} 31. Rf1 Qe5 32. Bxa7 Bc4) 31. Re1 Rxe1+ 32. Qxe1 {[%emt 0:00:02][%mdl 4096] Endgame. KQB-KQB. The position is equal.} Qd7 33. Qe7 (33. g4 {simplifies} Kg7 34. Qe7 Qxe7 35. Bxe7 h5 36. h3) 33... Qd1+ ({Not} 33... Qxf5 34. Qf8#) (33... Qxe7 {simplifies} 34. Bxe7 Kg7 35. g4 h5) 34. Kf2 Qc2+ 35. Ke1 Qc1+ (35... Qxf5 36. Qf8#) 36. Kf2 Qb2+ 37. Ke1 Qc1+ ({Worse is} 37... Qxg2 38. Qf8#) 38. Kf2 Qd2+ 39. Kg1 Qd1+ 40. Kf2 Qc2+ 41. Ke1 Qc1+ {[%emt 0:00:53] Weighted Error Value: White=0.07 (flawless) /Black=0.08 (flawless) .  Mistake:       	White=1     	Black=2      Inaccurate:     	White=1     	---        OK:         	White=11    	Black=12     Best:        	White=7     	Black=2      Strong:       	White=1     	---        Brilliant:      	White=1     	---} ({Weaker is} 41... Qxf5 42. Qf8#) 1/2-1/2

[Event "Spring Chess Classic B 2024"]
[Site "Saint Louis"]
[Date "2024.04.11"]
[Round "1.3"]
[White "Kevlishvili, Robby"]
[Black "Kantor, Gergely"]
[Result "0-1"]
[ECO "C55"]
[WhiteElo "2524"]
[BlackElo "2527"]
[Annotator "TA"]
[PlyCount "80"]
[EventDate "2024.04.11"]
[EventCountry "USA"]
[SourceTitle "playchess.com"]
[Source "ChessBase"]
[SourceQuality "1"]
[TimeControl "7200+30"]

1. e4 e5 2. Nf3 Nc6 3. Bb5 a6 4. Ba4 Nf6 5. O-O Be7 6. d3 b5 7. Bb3 d6 8. c3 O-O 9. h3 Na5 10. Bc2 c5 11. d4 d5 12. dxe5 Nxe4 {[%emt 0:00:45] White is slightly better.} 13. Nbd2 Bf5 14. Re1 Nc6 15. Nf1 (15. Bxe4 dxe4 16. Qc2 Qd3 (16... exf3 17. Qxf5 fxg2 18. Ne4 $11) 17. Qxd3 exd3 $17) 15... c4 16. Be3 Bg6 17. Nd4 Rc8 (17... Nxe5 $6 18. f4 $16) 18. f4 Nxd4 19. Bxd4 f6 20. Ne3 fxe5 21. Bxe5 Bc5 22. Kh2 Nf2 23. Qf3 Bxc2 24. Qxf2 Be4 25. Qg3 Rf7 26. Rad1 Rc6 $1 27. Ng4 Qf8 28. Qh4 Be7 29. Qf2 (29. Qg3 $17) 29... Re6 {[%emt 0:06:41] And now ...h5 would win.} 30. Qd2 h5 $1 31. Ne3 {[%emt 0:17:42] [#]} (31. Nf2 $2 Rxe5 32. Nxe4 Rxe4 $19) (31. Rxe4 {is a better defense.} dxe4 32. Qd5) 31... Rxe5 $2 32. fxe5 $15 Bg5 (32... Rf2 $15 {is more appropriate.} 33. Re2 Qf4+ 34. Kh1 Rf3 (34... Rxe2 35. Qxe2 Qxe5 36. Nf1 $15)) 33. Kg1 {[%emt 0:04:33] [#]} (33. Qd4 $1 $11 {keeps the balance.} Rf2 34. Rd2 (34. Nxd5 {leads to mate.} Rxg2+ 35. Kh1 Qf3)) 33... Bd3 $1 $17 {[%emt 0:03:28] Black is much more active.} 34. b4 $2 (34. Re2 $17) 34... Qe8 {[%emt 0:04:35] Strongly threatening ...Qe6.} 35. Qb2 Qxe5 36. Nxc4 Qg3 37. Re8+ $2 (37. Ne5 Be3+ 38. Kh1) 37... Kh7 $19 38. Ne5 Be3+ {[%emt 0:01:00] A strong pair of Bishops. Black mates.} 39. Kh1 Be4 40. Nf3 Rxf3 $1 {[%emt 0:01:07] Weighted Error Value: White=0.72/Black=0.15 (very precise) .  Loses game:     	White=1     	---        Missed win:     	---       	Black=1      Mistake:       	White=4     	Black=1      Inaccurate:     	White=3     	Black=1      OK:         	White=8     	Black=12     Best:        	---       	Black=4      Strong:       	---       	Black=3} 0-1

[Event "Spring Chess Classic B 2024"]
[Site "Saint Louis"]
[Date "2024.04.11"]
[Round "1.4"]
[White "Budisavljevic, Luka"]
[Black "Stearman, Josiah"]
[Result "1/2-1/2"]
[ECO "D35"]
[WhiteElo "2483"]
[BlackElo "2462"]
[Annotator "TA"]
[PlyCount "146"]
[EventDate "2024.04.11"]
[EventCountry "USA"]
[SourceTitle "playchess.com"]
[Source "ChessBase"]
[SourceQuality "1"]
[TimeControl "7200+30"]

1. c4 e6 2. Nc3 d5 3. d4 Nf6 4. cxd5 exd5 5. Bf4 c6 6. Nf3 Bd6 7. Bxd6 Qxd6 8. e3 Bf5 9. Nh4 Be4 10. Qb3 Nbd7 11. Nxe4 Nxe4 12. Bd3 Qf6 13. Nf3 Nd6 14. O-O O-O 15. a4 a5 16. Qc2 g6 17. Nd2 Nb8 18. Nb3 Qd8 19. f3 Na6 20. Bxa6 Rxa6 21. e4 Nc4 22. Qc3 Rb6 23. Rf2 Rb4 24. e5 f6 25. e6 Nd6 26. Re1 Re8 27. Rfe2 Nf5 28. g4 Qb6 29. gxf5 Rxb3 30. Qd2 Rxf3 31. fxg6 hxg6 32. Rg2 Kh7 33. Kh1 Qb4 34. Qe2 Rf5 35. Reg1 Qxd4 36. Rxg6 Qe4+ 37. Qxe4 dxe4 38. Rg7+ Kh8 39. R7g6 Kh7 40. Rg7+ Kh6 $1 41. R1g6+ (41. R1g3 $1 $15) 41... Kh5 $17 42. Rg3 (42. h4 $17 {keeps fighting.}) 42... Rg5 $19 (42... Rxe6 43. Rh7#) 43. R3xg5+ fxg5 44. Rxb7 Rxe6 45. Kg2 {[%emt 0:00:04] [#]} e3 (45... Kg4 $1 $17 {White must now prevent ...Kf4.} 46. b4 Re5 47. h3+ Kf4) 46. Kf1 $1 $15 e2+ (46... Re4 $15 47. Ke2 Rxa4) 47. Ke1 $11 Kg4 48. b4 axb4 (48... Re4 $15 {should be considered.} 49. b5 c5 (49... Rxa4 50. bxc6 Rc4 51. Rc7 $11)) 49. Rxb4+ $11 Kh3 50. a5 c5 (50... Kxh2 51. a6 Re7 52. Rg4 (52. Rb2 Ra7 $11)) 51. Rb6 Re4 52. Rh6+ Kg2 53. Rg6 g4 54. a6 Kf3 55. Rf6+ Ke3 56. a7 Ra4 $1 57. Re6+ Kf3 58. Rf6+ Ke3 59. Re6+ Kd3 60. Rd6+ Kc3 61. Rd7 Ra2 62. Rg7 Kd3 63. Kf2 c4 (63... Kd2 $5 64. Rd7+ $8 Kc3 $11) 64. Rd7+ Kc3 65. Rg7 Kd2 66. Rd7+ Kc1 67. Ke1 $1 c3 68. Rb7 c2 69. Kxe2 Ra6 70. Rc7 Kb2 71. Rb7+ Kc1 (71... Kc3 $5 72. Rc7+ $8 Kb3 73. Rb7+ Kc3 74. Rc7+ Kb2 $11) 72. Rc7 Kb2 73. Rb7+ Kc1 (73... Kc3 $5 74. Rc7+ $8 Kb2 $11) 1/2-1/2

[Event "Spring Chess Classic B 2024"]
[Site "Saint Louis"]
[Date "2024.04.11"]
[Round "1.5"]
[White "Chandra, Akshat"]
[Black "Van Foreest, Lucas"]
[Result "1/2-1/2"]
[ECO "B13"]
[WhiteElo "2489"]
[BlackElo "2512"]
[Annotator "TA"]
[PlyCount "57"]
[EventDate "2024.04.11"]
[EventCountry "USA"]
[SourceTitle "playchess.com"]
[Source "ChessBase"]
[SourceQuality "1"]
[TimeControl "7200+30"]

1. e4 c6 2. d4 d5 3. exd5 cxd5 4. Bd3 Nc6 5. c3 Qc7 6. h3 e6 7. Nf3 Bd6 8. O-O Nge7 {[%emt 0:00:17] White has an edge.} 9. Re1 O-O 10. b3 Bd7 11. c4 f6 12. Nc3 a6 13. a3 Rad8 14. Qc2 Kh8 15. Bd2 (15. Bb2 $16) 15... Bc8 (15... dxc4 $11 {remains equal.} 16. bxc4 Be8) 16. cxd5 $16 (16. Bxh7 dxc4 17. Be4 (17. bxc4 Nxd4 18. Nxd4 Bh2+ 19. Kh1 Rxd4 $15) 17... Na5 18. bxc4 Nxc4 $11) 16... exd5 {[%emt 0:00:55] [#]} 17. Na4 {[%emt 0:02:36] White is more active.} ({Much weaker is} 17. Bxh7 f5 18. Ng5 Bh2+ (18... Nxd4 $2 {loses.} 19. Qd1 $18) 19. Kf1 (19. Kh1 Bf4 $15) 19... Bf4 20. Bxf4 Qxf4 $11) ({White should play} 17. b4 $1 $16) 17... g6 18. b4 Bf5 19. Nc5 Bxc5 20. bxc5 (20. dxc5 $16 d4 21. Rad1) 20... Rf7 21. Re2 Kg8 22. Rae1 Bxd3 23. Qxd3 Nf5 24. g4 Ng7 25. Kg2 Rdd7 {[%emt 0:02:44] Black is weak on the dark squares} (25... Qd7 $11 {was preferrable.}) 26. Qb3 $14 Rd8 27. Qd3 Rdd7 28. Qb3 Rd8 $1 29. Qd3 {[%emt 0:02:19] Weighted Error Value: White=0.18 (very precise) /Black=0.15 (very precise) .  Mistake:       	White=4     	Black=2      Inaccurate:     	White=2     	Black=4      OK:         	White=12    	Black=6      Best:        	---       	Black=1      Strong:       	---       	Black=1} ({Better is} 29. Bh6 $14) 1/2-1/2

[Event "Spring Chess Classic B 2024"]
[Site "Saint Louis"]
[Date "2024.04.13"]
[Round "2.1"]
[White "Raja Harshit"]
[Black "Van Foreest, Lucas"]
[Result "1/2-1/2"]
[ECO "C67"]
[WhiteElo "2458"]
[BlackElo "2512"]
[Annotator "ChessBase"]
[PlyCount "71"]
[EventDate "2024.04.11"]
[EventCountry "USA"]
[SourceTitle "playchess.com"]
[Source "ChessBase"]
[SourceQuality "1"]
[TimeControl "7200+30"]

1. e4 e5 2. Nf3 Nc6 3. Bb5 Nf6 4. O-O Nxe4 5. Re1 Nd6 6. Nxe5 Be7 7. Bf1 Nxe5 8. Rxe5 O-O 9. Nc3 Ne8 10. Nd5 Bd6 11. Re1 c6 12. Ne3 Bc7 13. Nf5 d5 14. Ne7+ Kh8 15. Nxc8 Qxc8 16. Qf3 Nf6 17. d3 Qd7 18. g3 Rae8 19. Be3 Bb6 20. Bxb6 axb6 21. Qf4 Kg8 22. a4 h6 23. h4 Kh8 24. Bg2 Kg8 25. Bf1 Kh8 26. Bg2 Kg8 27. Bf3 Qd8 28. Kg2 Rxe1 29. Rxe1 Re8 30. Ra1 Qe7 31. c3 Nd7 32. d4 Nf6 33. Ra3 Qd8 34. Ra1 Qe7 35. Ra3 Qd8 36. Ra1 1/2-1/2

[Event "Spring Chess Classic B 2024"]
[Site "Saint Louis"]
[Date "2024.04.13"]
[Round "2.2"]
[White "Stearman, Josiah"]
[Black "Chandra, Akshat"]
[Result "1-0"]
[ECO "D35"]
[WhiteElo "2462"]
[BlackElo "2489"]
[Annotator "ChessBase"]
[PlyCount "67"]
[EventDate "2024.04.11"]
[EventCountry "USA"]
[SourceTitle "playchess.com"]
[Source "ChessBase"]
[SourceQuality "1"]
[TimeControl "7200+30"]

1. d4 d5 2. c4 e6 3. Nc3 Nf6 4. cxd5 exd5 5. Bg5 Bb4 6. e3 h6 7. Bh4 g5 8. Bg3 Ne4 9. Qb3 Bxc3+ 10. bxc3 h5 11. f3 Nxg3 12. hxg3 Qd6 13. Kf2 Nd7 14. c4 c6 15. cxd5 cxd5 16. Bb5 Kf8 17. Bxd7 Bxd7 18. Ne2 Kg7 19. Rac1 Bc6 20. Rc3 Qd7 21. Nc1 Bb5 22. Qb1 Rh6 23. Nb3 b6 24. Nd2 a6 25. Qc2 Rah8 26. Rc7 Qd6 27. Ra7 Qb8 28. Re7 Qd6 29. Ra7 Qb8 30. Re7 Qd6 31. Qc7 Qxc7 32. Rxc7 Rc6 33. Rxc6 Bxc6 34. Rc1 1-0

[Event "Spring Chess Classic B 2024"]
[Site "Saint Louis"]
[Date "2024.04.13"]
[Round "2.4"]
[White "Woodward, Andy"]
[Black "Kevlishvili, Robby"]
[Result "1/2-1/2"]
[ECO "A47"]
[WhiteElo "2515"]
[BlackElo "2524"]
[Annotator "TA"]
[PlyCount "59"]
[EventDate "2024.04.11"]
[EventCountry "USA"]
[SourceTitle "playchess.com"]
[Source "ChessBase"]
[SourceQuality "1"]
[TimeControl "7200+30"]

1. d4 Nf6 2. Nf3 e6 3. Bf4 b6 4. e3 Bb7 5. Nbd2 Be7 6. h3 O-O 7. Bd3 d5 8. c3 Nbd7 9. Qb1 Bd6 10. O-O Qe7 11. Ne5 g6 12. Re1 Nh5 13. Nxd7 Qxd7 14. Bh6 Rfe8 15. e4 e5 16. Nf3 dxe4 17. Bxe4 Bxe4 18. Qxe4 exd4 19. Qxd4 Qf5 20. Qc4 Qc5 21. Qa4 b5 22. Qd4 a6 {[%emt 0:02:58] The position is equal.} 23. Qd2 (23. Qxc5 {simplifies} Bxc5 24. a4 Bd6 25. axb5 axb5 26. Rxa8 Rxa8 27. Nd4) 23... Qf5 24. Qg5 Qxg5 25. Bxg5 f6 26. g4 fxg5 27. gxh5 h6 28. hxg6 Kg7 29. Nd4 Kxg6 30. Nc6 {[%emt 0:00:22] Not much happened in this game.   Weighted Error Value: White=0.05 (flawless) /Black=0.03 (flawless) .  OK:         	White=7     	Black=10} 1/2-1/2

[Event "Spring Chess Classic B 2024"]
[Site "Saint Louis"]
[Date "2024.04.13"]
[Round "2.5"]
[White "Batsuren, Dambasuren"]
[Black "Ali Marandi, Cemil Can"]
[Result "1-0"]
[ECO "D60"]
[WhiteElo "2515"]
[BlackElo "2516"]
[Annotator "ChessBase"]
[PlyCount "36"]
[EventDate "2024.04.11"]
[EventCountry "USA"]
[SourceTitle "playchess.com"]
[Source "ChessBase"]
[SourceQuality "1"]
[TimeControl "7200+30"]

1. d4 d5 2. c4 c6 3. Nf3 Nf6 4. Qb3 e6 5. Bg5 Be7 6. e3 O-O 7. Nc3 Nbd7 8. Rd1 a6 9. a4 Re8 10. Be2 dxc4 11. Qxc4 b5 12. Qxc6 Ra7 13. Bxf6 Nxf6 14. axb5 Rc7 15. Qb6 Bb4 16. Qb8 axb5 17. Nd2 Bxc3 18. bxc3 Nd5 1-0

[Event "Spring Chess Classic B 2024"]
[Site "Saint Louis"]
[Date "2024.04.13"]
[Round "3.1"]
[White "Ali Marandi, Cemil Can"]
[Black "Raja Harshit"]
[Result "1/2-1/2"]
[ECO "C67"]
[WhiteElo "2516"]
[BlackElo "2458"]
[Annotator "TA"]
[PlyCount "76"]
[EventDate "2024.04.11"]
[EventCountry "USA"]
[SourceTitle "playchess.com"]
[Source "ChessBase"]
[SourceQuality "1"]
[TimeControl "7200+30"]

1. e4 e5 2. Nf3 Nc6 3. Bb5 Nf6 4. O-O Nxe4 5. d4 Nd6 6. Ba4 (6. Bxc6 $142 dxc6 7. dxe5) 6... e4 {[%emt 0:00:46] The position is equal.} 7. Ne5 Be7 8. Nc3 O-O 9. Re1 Bf6 10. Nxe4 Nxe4 11. Rxe4 {[%emt 0:01:05] [#]} Nxd4 $1 12. Qxd4 d6 13. Bf4 Bf5 {[%emt 0:09:05] White must now prevent ...b5.} 14. Re2 dxe5 15. Qxd8 Raxd8 (15... Rfxd8 {simplifies} 16. Bxe5 Bxe5 17. Rxe5 Be6) 16. Bxe5 Bxe5 17. Rxe5 Be6 18. Re2 c6 19. Bb3 Bxb3 20. axb3 $11 {[%emt 0:00:07][%cal Oh2h4][%mdl 4096] Endgame. KRR-KRR} Rd7 21. g3 (21. Rxa7 $2 {gets mated.} Rd1+) 21... a6 22. Rae1 g6 23. b4 Kg7 24. c3 Rfd8 25. Kg2 Rd2 26. Rxd2 Rxd2 {[%emt 0:00:04] KR-KR} 27. Re7 Rxb2 28. Rxb7 Rc2 29. Rb6 Rxc3 30. Rxa6 c5 31. bxc5 Rxc5 32. h4 h5 33. Ra3 Rb5 34. Rc3 Rd5 35. Ra3 Rf5 36. Rc3 Rd5 37. Ra3 Rf5 38. Rc3 Rd5 {[%emt 0:00:03] An interesting draw.   Weighted Error Value: White=0.06 (flawless) /Black=0.03 (flawless) .  Inaccurate:     	White=1     	Black=1      OK:         	White=17    	Black=14     Best:        	---       	Black=1} 1/2-1/2

[Event "Spring Chess Classic B 2024"]
[Site "Saint Louis"]
[Date "2024.04.14"]
[Round "3.2"]
[White "Kevlishvili, Robby"]
[Black "Batsuren, Dambasuren"]
[Result "1-0"]
[ECO "C70"]
[WhiteElo "2524"]
[BlackElo "2515"]
[Annotator "RC"]
[PlyCount "121"]
[EventDate "2024.04.11"]
[EventCountry "USA"]
[SourceTitle "playchess.com"]
[Source "ChessBase"]
[SourceQuality "1"]
[TimeControl "7200+30"]

1. e4 e5 2. Nf3 Nc6 3. Bb5 a6 4. Ba4 Nge7 5. c3 Ng6 6. h4 Be7 7. d4 Nxh4 8. Nxh4 Bxh4 9. d5 b5 10. Bc2 Na5 11. Qh5 Bf6 12. b4 Nc4 13. Bd3 d6 14. a4 Bb7 15. Nd2 Nxd2 16. Bxd2 c6 17. dxc6 Bxc6 18. Qe2 Qb8 19. f3 bxa4 20. Kf2 h6 21. g4 Ke7 22. Kg2 Qb7 23. c4 Rhc8 24. Rhd1 Kf8 25. Be3 Bd7 26. Qd2 Rab8 27. Rab1 Be6 28. Rdc1 Qd7 29. Be2 Be7 30. Ra1 Rc7 31. Kg3 Rcb7 32. Rcb1 Kg8 33. Qc3 Rc7 34. Qc2 Qc8 35. Rxa4 d5 36. exd5 Bxd5 37. c5 Bb7 38. Rba1 Rc6 39. Qf5 Qc7 40. Rd1 Re6 41. Ra2 g6 42. Qb1 Rf6 43. Kg2 Qc8 44. Kg3 Qc7 45. Kg2 Bc6 46. Rf1 Qc8 47. Kg3 Bd5 48. Rd2 Ba8 49. Qd1 Rxb4 50. Rd7 Rb7 51. Rxb7 Bxb7 52. Qb3 Qc7 53. Rb1 Bc6 54. Qb6 Qd7 55. Qb8+ Qe8 56. Qxe8+ Bxe8 57. Rb8 Kg7 58. Rxe8 Re6 59. c6 e4 60. Bd4+ f6 61. f4 1-0

[Event "Spring Chess Classic B 2024"]
[Site "Saint Louis"]
[Date "2024.04.13"]
[Round "3.2"]
[White "Kevlishvili, Robby"]
[Black "Batsuren, Dambasuren"]
[Result "1-0"]
[ECO "D35"]
[WhiteElo "2524"]
[BlackElo "2515"]
[Annotator "RC"]
[PlyCount "111"]
[EventDate "2024.04.11"]
[EventCountry "USA"]
[SourceTitle "playchess.com"]
[Source "ChessBase"]
[SourceQuality "1"]
[TimeControl "7200+30"]

1. d4 d5 2. c4 e6 3. Nc3 Nf6 4. cxd5 exd5 5. Bg5 Bb4 6. e3 h6 7. Bh4 g5 8. Bg3 Ne4 9. Qb3 Bxc3+ 10. bxc3 h5 11. f3 Nxg3 12. hxg3 Qd6 13. Kf2 Nd7 14. c4 c6 15. cxd5 cxd5 16. Bb5 Kf8 17. Bxd7 Bxd7 18. Ne2 Kg7 19. Rac1 Bc6 20. Rc3 Qd7 21. Nc1 Bb5 22. Qb1 Rh6 23. Nb3 b6 24. Nd2 a6 25. Qc2 Rah8 26. Rc7 Qd6 27. Ra7 Qb8 28. Re7 Qd6 29. Ra7 Qb8 30. Re7 Qd6 31. Qc7 Qxc7 32. Rxc7 Rc6 33. Rxc6 Bxc6 34. Rc1 Bb5 35. e4 dxe4 36. fxe4 h4 37. Nf3 hxg3+ 38. Kxg3 Re8 39. e5 Bd7 40. Nxg5 Rc8 41. Rxc8 Bxc8 42. Ne4 b5 43. d5 Kf8 44. Kf4 b4 45. Nc5 a5 46. Kg5 Ke7 47. g4 Ke8 48. Kf4 Kf8 49. g5 Bh3 50. g6 Bg2 51. d6 fxg6 52. e6 a4 53. Ke5 b3 54. Kf6 Ke8 55. d7+ Kd8 56. e7+ 1-0

[Event "Spring Chess Classic B 2024"]
[Site "Saint Louis"]
[Date "2024.04.14"]
[Round "3.3"]
[White "Budisavljevic, Luka"]
[Black "Woodward, Andy"]
[Result "1/2-1/2"]
[ECO "A16"]
[WhiteElo "2483"]
[BlackElo "2515"]
[Annotator "RC"]
[PlyCount "83"]
[EventDate "2024.04.11"]
[EventCountry "USA"]
[SourceTitle "playchess.com"]
[Source "ChessBase"]
[SourceQuality "1"]
[TimeControl "7200+30"]

1. Nf3 Nf6 2. c4 g6 3. Nc3 d5 4. cxd5 Nxd5 5. h4 Bg7 6. h5 Nc6 7. g3 e5 8. h6 Bf6 9. Bg2 Nxc3 10. dxc3 Qxd1+ 11. Kxd1 Bf5 12. Bg5 Be7 13. Bxe7 Kxe7 14. Kc1 Be4 15. Nh4 Bxg2 16. Nxg2 f5 17. Kc2 Rad8 18. b4 Rd7 19. Rad1 Rxd1 20. Rxd1 Rd8 21. Re1 g5 22. f4 gxf4 23. gxf4 Rg8 24. Nh4 Ke6 25. b5 Nd8 26. fxe5 Kxe5 27. Rf1 f4 28. Rd1 Ke6 29. Rd4 Nf7 30. Re4+ Kd7 31. Nf5 Re8 32. Rd4+ Kc8 33. Kd2 Re6 34. Rxf4 Nd6 35. Kd3 Nxb5 36. Rg4 Nd6 37. Rg8+ Kd7 38. Rg7+ Kd8 39. Rg8+ Kd7 40. Rg7+ Kd8 41. Rg8+ Kd7 42. Rg7+ 1/2-1/2

[Event "Spring Chess Classic B 2024"]
[Site "Saint Louis"]
[Date "2024.04.14"]
[Round "3.4"]
[White "Chandra, Akshat"]
[Black "Kantor, Gergely"]
[Result "1-0"]
[ECO "C54"]
[WhiteElo "2489"]
[BlackElo "2527"]
[Annotator "TA"]
[PlyCount "169"]
[EventDate "2024.04.11"]
[EventCountry "USA"]
[SourceTitle "playchess.com"]
[Source "ChessBase"]
[SourceQuality "1"]
[TimeControl "7200+30"]

1. e4 e5 2. Nf3 Nc6 3. Bc4 Nf6 4. d3 Bc5 5. Bg5 h6 6. Bh4 d6 7. c3 $1 {[%emt 0:00:09][%mdl 4] is recently more successful than 7.h3.} a5 {[%emt 0:01:05] C54: Giuoco Piano: 4 c3 Nf6, main lines with 5 d4 and 5 d3.} 8. Nbd2 Ba7 9. a4 Qe7 10. O-O g5 11. Bg3 O-O $146 ({Predecessor:} 11... Nd7 12. Bb5 h5 13. h4 g4 14. Ne1 Nf8 15. d4 Ng6 16. dxe5 dxe5 17. Nc4 O-O {½-½ Ottesen,S (2364)-Muljadi,P (2357) DEN-USA email 2018 [5]}) 12. Re1 g4 13. Bh4 Nd8 14. Nd4 c6 15. Nf5 Bxf5 16. exf5 d5 17. d4 e4 18. Be2 h5 19. Nf1 Qd6 20. Qd2 Nh7 21. Ng3 Bb8 22. f3 gxf3 23. gxf3 Re8 24. Bd3 Qf4 25. Qxf4 Bxf4 26. fxe4 Bg5 27. Bxg5 Nxg5 28. Kg2 dxe4 29. h4 Nh7 30. Nxe4 Kf8 31. Kf3 b6 32. Rg1 Nb7 33. Rg2 Rad8 34. Rag1 Ke7 35. Rg7 Nf6 36. Bc4 Rf8 37. Ng5 Nd6 38. Re1+ Kd7 39. Bxf7 Kc8 40. Bg6 Nfe8 (40... Rd7 $142) 41. Ra7 $18 Kb8 42. Ree7 Nxf5 43. Reb7+ Kc8 44. Bxf5+ Rxf5+ 45. Ke2 Rd6 46. Re7 Kb8 47. Reb7+ (47. Rxe8+ Kxa7 48. Re7+ Kb8 $17) 47... Kc8 48. Rh7 Kb8 49. Rae7 Rf8 50. Rxh5 (50. Nf7 $142) 50... Rdf6 (50... Nf6 $142) 51. Kd3 Nd6 52. Rhh7 c5 53. dxc5 bxc5 54. Re6 c4+ $2 (54... Rxe6 55. Nxe6 Rf2) 55. Kd4 $18 Rf4+ 56. Kc5 Nc8 57. Re5 Na7 $2 (57... Rf2 58. Ne4 (58. Kxc4 Rxb2 59. Rb5+ Rxb5 $18) 58... Rxb2) 58. Re4 Rc8+ 59. Kd5 Rf5+ 60. Re5 Rf2 61. Ree7 (61. h5 Rd2+ 62. Ke4 Re2+ 63. Kf5 Rxb2 64. Rxa5 Rf2+ 65. Kg4 Nc6 $18) 61... Rd2+ 62. Ke4 Nc6 63. Rb7+ Ka8 64. Rbc7 Re8+ 65. Kf4 Ne5 66. Ra7+ Kb8 67. Rhb7+ (67. Rxa5 Re2 $16) 67... Kc8 {[#]} 68. Ra8+ $1 ({Less strong is} 68. Rc7+ Kb8 $16) 68... Kxb7 69. Rxe8 Nd3+ 70. Kg3 Nxb2 71. h5 Rd6 72. Re7+ Kc8 73. Nf7 Rd3+ 74. Kg4 Nd1 75. h6 Nf2+ 76. Kf5 Rf3+ 77. Ke6 Re3+ 78. Kd6 Rh3 79. Kc6 Kb8 80. Kb6 Kc8 81. h7 Rxh7 82. Nd6+ Kd8 83. Rxh7 Ng4 84. Ra7 Nf6 85. Kc6 1-0